AoeStats
← Chiripa605

Baltic

510390272Analyzed
4v4 RM · 9h ago on Sep 30, 2026· 20m 27s· 8 players
Game mode
Random Map
Map size
Large (8 player)
Population
200
Speed
Normal
Resources
Standard
Victory
Conquest
Starting age
Dark Age
Ending age
Imperial Age
RankedLock teamsTeams togetherTeam positionsShared explorationLock speedFull tech treeHidden civsTurbo modeCheats
Victory
Defeat
🇩🇪 Danes · Germany
1615
+14
🇩🇪 Varangians · Germany
1569
+16
🇧🇷 Saracens · Brazil
1502
+18
🇺🇸 Ethiopians · United States
1492
+19
🇨🇳 Spanish · China
1565
-17
🇨🇿 Persians · Czechia
1560
-17
🇨🇳 Mongols · China
1557
-17
🇵🇱 Varangians · Poland
1548
-16
牛比无极限
6:19 Loom
9:28 Feudal Age
10:54 Double-Bit Axe
17:50 Fletching
Gasior
11:04 Feudal Age
9:50 Loom
12:03 Double-Bit Axe
14:28 Fletching
17:33 Wheelbarrow
21:16 Castle Age
19:44 Fishing Lines
Bz_青红
3:21 Loom
12:55 Feudal Age
Joseph90
3:16 Loom
11:37 Feudal Age
12:12 Gold Mining
12:11 Double-Bit Axe
17:58 Fishing Lines
Chiripa605
5:46 Loom
10:10 Feudal Age
10:47 Double-Bit Axe
19:35 Castle Age
18:08 Scale Mail Armor
20:27 Medium Warships
20:40 Forging
20:46 Bow Saw
🦌 Jolly Jumper
8:06 Loom
10:49 Feudal Age
11:38 Double-Bit Axe
11:53 Man-at-Arms
12:20 Horse Collar
14:36 Arson
19:36 Castle Age
18:45 Fletching
19:46 Crossbowman
20:25 Bodkin Arrow
HUGO
6:05 Loom
8:32 Feudal Age
11:28 Fletching
🦌 Magge
7:41 Loom
10:01 Feudal Age
10:26 Double-Bit Axe
14:36 Fletching
18:28 Wheelbarrow
21:42 Castle Age
Connection lost

Rejoining the realm…

Still unreachable

The connection could not be restored.

Session expired

The server has moved on; the page needs a fresh start.